AoeStats
← NotGG

Arena

509958404Analyzed
4v4 RM · 4d ago on Sep 28, 2026· 62m 9s· 8 players
Game mode
Random Map
Map size
Large (8 player)
Population
200
Speed
Normal
Resources
Standard
Victory
Conquest
Starting age
Dark Age
Ending age
Imperial Age
RankedLock teamsTeams togetherTeam positionsShared explorationLock speedFull tech treeHidden civsTurbo modeCheats
Victory
Defeat
🇳🇴 Poles · Norway
1262
+14
🇫🇷 Gurjaras · France
1242
+15
🇦🇷 Lithuanians · Argentina
1235
+15
🇦🇷 Sicilians · Argentina
1224
+15
🇩🇪 Italians · Germany
1265
-17
🇷🇴 Koreans · Romania
1239
-16
🇺🇸 Turks · United States
1220
-15
1123
-11
BúffaloTincho
10:48 Feudal Age
11:00 Loom
14:54 Castle Age
12:46 Double-Bit Axe
13:35 Horse Collar
16:18 Gold Mining
23:44 Wheelbarrow
23:29 Bow Saw
25:03 Heavy Plow
25:15 Scale Mail Armor
25:40 Forging
26:20 Town Watch
27:25 Chain Mail Armor
27:45 Iron Casting
28:02 Stone Mining
30:56 Imperial Age
29:22 Squires
29:10 Arson
31:35 Elite Serjeant
33:19 Plate Mail Armor
33:51 Blast Furnace
36:12 First Crusade
38:03 Elite Skirmisher
38:41 Fletching
38:51 Padded Archer Armor
39:56 Chemistry
39:19 Ballistics
39:05 Siege Engineers
39:11 Masonry
41:05 Bodkin Arrow
45:02 Bracer
45:17 Leather Archer Armor
47:20 Scale Barding Armor
53:47 Capped Ram
55:05 Conscription
54:53 Siege Ram
58:24 Pikeman
58:50 Gambesons
Dagis
11:25 Feudal Age
15:17 Castle Age
13:57 Double-Bit Axe
14:37 Horse Collar
17:34 Fletching
26:41 Imperial Age
24:19 Light Cavalry
25:19 Scale Barding Armor
25:52 Forging
26:30 Sanctity
26:23 Szlachta Privileges
26:51 Husbandry
28:03 Block Printing
32:48 Conscription
34:43 Chain Barding Armor
35:00 Bloodlines
35:34 Crossbowman
37:08 Onager
39:11 Siege Engineers
41:07 Chemistry
50:03 Cavalier
51:45 Iron Casting
53:00 Bodkin Arrow
53:43 Wheelbarrow
52:54 Loom
53:45 Wheelbarrow
NotGG
8:27 Feudal Age
8:58 Double-Bit Axe
14:35 Castle Age
13:18 Gold Mining
16:02 Fervor
19:21 Horse Collar
21:58 Bloodlines
21:48 Husbandry
25:43 Scale Barding Armor
26:57 Forging
27:23 Town Watch
27:54 Husbandry
29:49 Iron Casting
30:14 Chain Barding Armor
32:03 Sanctity
31:51 Atonement
32:17 Redemption
39:46 Imperial Age
37:53 Wheelbarrow
37:47 Herbal Medicine
40:29 Cavalier
43:47 Plate Barding Armor
43:56 Paladin
46:39 Block Printing
48:55 Hand Cart
48:41 Town Patrol
48:26 Loom
48:54 Guilds
49:15 Coinage
55:29 Conscription
60:27 Banking
60:07 Light Cavalry
fairoz05329
10:24 Feudal Age
14:32 Castle Age
12:17 Loom
12:20 Double-Bit Axe
13:15 Gold Mining
16:12 Bow Saw
19:54 Horse Collar
22:11 Gold Shaft Mining
22:32 Wheelbarrow
22:54 Wheelbarrow
23:23 Stone Mining
23:37 Heavy Plow
24:24 Hand Cart
24:30 Bloodlines
24:36 Loom
24:56 Fletching
25:06 Padded Archer Armor
29:23 Imperial Age
27:29 Bodkin Arrow
28:03 Leather Archer Armor
29:10 Ballistics
29:31 Scale Barding Armor
29:47 Forging
29:47 Elite Elephant Archer
31:15 Conscription
31:23 Kshatriyas
32:02 Bracer
33:03 Thumb Ring
34:14 Elite Skirmisher
36:24 Chain Barding Armor
37:24 Chemistry
37:36 Iron Casting
41:49 Caravan
42:22 Frontier Guards
45:02 Scale Mail Armor
46:20 Chain Mail Armor
49:15 Guard Tower
49:29 Heavy Camel Rider
50:10 Husbandry
52:08 Plate Barding Armor
52:04 Plate Mail Armor
51:04 Light Cavalry
dingus
10:15 Feudal Age
11:55 Town Watch
14:47 Castle Age
13:16 Double-Bit Axe
14:30 Horse Collar
16:42 Bow Saw
21:16 Wheelbarrow
21:20 Heavy Plow
22:38 Loom
23:15 Hand Cart
28:09 Imperial Age
25:44 Gold Mining
25:44 Stone Mining
26:14 Padded Archer Armor
26:48 Treadmill Crane
30:38 Leather Archer Armor
33:49 Gold Shaft Mining
37:27 Conscription
37:08 Artillery
39:41 Ring Archer Armor
39:01 Fletching
39:51 Thumb Ring
42:57 Caravan
43:48 Scale Barding Armor
43:38 Bodkin Arrow
43:54 Forging
44:39 Bloodlines
44:29 Husbandry
44:04 Elite Janissary
45:47 Chain Barding Armor
47:46 Plate Barding Armor
47:46 Iron Casting
54:13 Blast Furnace
MRP9NDA
9:55 Feudal Age
14:19 Castle Age
13:17 Double-Bit Axe
15:01 Horse Collar
18:26 Loom
18:41 Fletching
21:57 Bow Saw
21:15 Crossbowman
22:53 Wheelbarrow
23:23 Heavy Plow
25:11 Gold Mining
27:03 Hand Cart
28:01 Ballistics
33:47 Imperial Age
33:00 Thumb Ring
33:08 Bodkin Arrow
34:38 Arbalester
37:37 Chemistry
36:40 Bracer
37:22 Town Watch
38:39 Two-Man Saw
38:17 Gold Shaft Mining
38:23 Caravan
39:50 Scale Barding Armor
41:39 Town Patrol
41:08 Light Cavalry
41:49 Husbandry
42:16 Chain Barding Armor
42:07 Forging
42:47 Hussar
43:52 Cavalier
45:12 Iron Casting
51:12 Conscription
Atlan
9:31 Feudal Age
13:18 Castle Age
11:14 Horse Collar
11:24 Double-Bit Axe
11:26 Horse Collar
18:42 Wheelbarrow
19:16 Heavy Plow
19:33 Bow Saw
21:49 Stone Mining
21:51 Gold Mining
22:29 Hand Cart
22:22 Fletching
22:21 Loom
24:40 Stone Shaft Mining
25:28 Bodkin Arrow
27:36 Silk Road
30:45 Imperial Age
29:37 Padded Archer Armor
30:31 Caravan
30:19 Town Watch
31:26 Leather Archer Armor
31:49 Conscription
32:08 Ballistics
32:50 Chemistry
32:31 Bracer
34:51 Ring Archer Armor
36:01 Two-Man Saw
36:50 Elite Genoese Crossbowman
38:37 Crop Rotation
41:53 Town Patrol
45:04 Forging
45:02 Scale Barding Armor
46:20 Iron Casting
45:06 Cavalier
45:57 Bloodlines
45:47 Husbandry
47:34 Coinage
57:08 Guilds
57:29 Banking
60:15 Chain Barding Armor
60:56 Blast Furnace
位技术水平平平但策略
1:49 Loom
2:53 Loom
9:26 Feudal Age
12:27 Loom
15:02 Castle Age
13:46 Double-Bit Axe
15:17 Horse Collar
21:03 Scale Barding Armor
22:14 Wheelbarrow
23:38 Hand Cart
25:54 Chain Barding Armor
26:21 Heavy Plow
28:49 Bow Saw
29:51 Forging
29:54 Bloodlines
30:17 Husbandry
31:11 Iron Casting
37:52 Imperial Age
38:23 Heavy Camel Rider
40:09 Plate Barding Armor
42:06 Farimba
42:23 Town Watch
46:03 Conscription
48:22 Light Cavalry
Connection lost

Rejoining the realm…

Still unreachable

The connection could not be restored.

Session expired

The server has moved on; the page needs a fresh start.